 Dungeon Crawl Stone Soup version 0.30.1-11-g7821555f0a (webtiles) character file.

Game seed: 16500610218749263693

3980 Cheops the Spear-Bearer (level 10, -8/70 HPs)
             Began as a Merfolk Ice Elementalist on Nov 3, 2023.
             Was a Follower of the Shining One.
             Mangled by a large abomination (37 damage)
             ... on level 2 of the Abyss.
             The game lasted 00:35:09 (15283 turns).

Cheops the Spear-Bearer (Merfolk Ice Elementalist) Turns: 15283, Time: 00:35:10

Health: -8/70      AC: 15    Str:  8 (10) XL:     10   Next: 22%
Magic:  12/17      EV: 11    Int: 16 (17) God:    the Shining One [*.....]
Gold:   605        SH:  5    Dex: 12 (15) Spells: 8/19 levels left

rFire   . . .        a - +0 trident
rCold   + . .        e - +0 buckler
rNeg    . . .        f - +0 leather armour
rPois   .            B - +4 helmet of Impermeability {Harm rF- Stlth+}
rElec   .            y - +0 cloak
rCorr   .            x - +0 pair of gloves
SInv    .            (no boots)
Will    .....        (no amulet)
Stlth   +            w - ring of protection from fire
HPRegen 0.31/turn    g - ring of protection from cold
MPRegen 0.15/turn

%: harm (+30% outgoing, +20% incoming)
@: ice-armoured, freezing walls, glowing
A: (nimble swimmer 2), mertail
a: Renounce Religion, Divine Shield


You were on level 2 of the Abyss.
You worshipped the Shining One.
The Shining One was aware of your devotion.
You visited 2 branches of the dungeon, and saw 10 of its levels.
You visited the Abyss 1 time.

You collected 605 gold pieces.

Inventory:

Hand Weapons
 a - a +0 trident (weapon)
 b - a +3 spear
 l - a +0 scythe
 v - a +0 spectral quarterstaff
Armour
 e - a +0 buckler (worn)
 f - a +0 leather armour (worn)
 j - a scarf of invisibility
 k - a +0 robe
 x - a +0 pair of gloves (worn)
 y - a +0 cloak (worn)
 B - the +4 helmet of Impermeability (worn) {Harm rF- Stlth+}
   (You found it on level 5 of the Dungeon)

   rF:        It makes you vulnerable to fire.
   Harm:      It increases damage dealt and taken.
   Stlth:     It makes you more stealthy.
Jewellery
 g - a ring of protection from cold (right hand)
 w - a ring of protection from fire (left hand)
Wands
 E - a wand of mindburst (12)
Scrolls
 d - 2 scrolls of poison
 i - 2 scrolls of teleportation
 m - 2 scrolls of fog
 n - 2 scrolls of blinking
 o - a scroll of silence
 s - 3 scrolls of immolation
 z - 2 scrolls of fear
 A - a scroll of vulnerability
 F - a scroll of amnesia
Potions
 h - a potion of brilliance
 p - a potion of degeneration
 q - 2 potions of haste
 u - a potion of magic
 C - 3 potions of heal wounds {unknown}
 D - 2 potions of attraction {unknown}


   Skills:
 - Level 3.0 Fighting
 + Level 9.4 Polearms
 - Level 2.0 Armour
 - Level 2.6 Dodging
 - Level 2.1 Stealth
 - Level 5.0 Shields
 - Level 5.1 Spellcasting
 - Level 6.0 Summonings
 - Level 8.0 Ice Magic
 * Level 2.1 Invocations
 - Level 2.0 Evocations


You had 8 spell levels left.
You knew the following spells:

 Your Spells              Type           Power      Damage    Failure   Level
a - Freeze                Ice            100%       1d10      1%          1
r - Frozen Ramparts       Ice            58%        1d9       3%          3
A - Ozocubu's Armour      Ice            29%        N/A       3%          3
I - Summon Ice Beast      Ice/Summ       26%        N/A       19%         4

Your spell library contained the following spells:

 Spells                   Type           Power      Damage    Failure   Level
 Sandblast                Erth           8%         2d5       32%         1
 Passwall                 Tmut/Erth      3%         N/A       43%         2
 Inner Flame              Hex/Fire       4%         N/A       67%         3
 Stone Arrow              Conj/Erth      8%         3d7       67%         3
 Flame Wave               Conj/Fire      4%         2d5       97%         4
 Passage of Golubria      Tloc           4%         N/A       97%         4
 Sticky Flame             Conj/Fire      4%         2d3       97%         4
 Silence                  Hex/Air        2%         N/A       100%        5
 Lehudib's Crystal Spear  Conj/Erth      2%         10d2      100%        8


Dungeon Overview and Level Annotations

Branches:
Dungeon (9/15)             Temple (1/1) D:7
   Lair: D:8-11         Orc: D:9-12

Altars:
Ashenzari
Cheibriados
Dithmenos
Elyvilon
Fedhas
Hepliaklqana
Makhleb
Nemelex Xobeh
Okawaru
Qazlal
Ru
Sif Muna
Trog
Uskayaw
Vehumet
Wu Jian
Xom
Yredelemnul
Zin
The Shining One

Annotations:
D:9 Erolcha


Innate Abilities, Weirdness & Mutations

((You are very nimble when in or above water. (Stealth+, EV+, Speed+++)))
Your lower body shifts to a powerful aquatic tail in water.


Message History

Found a gateway leading deeper into the Abyss.
There is a gateway leading deeper into the Abyss here.
You start resting.
A large abomination comes into view.
Casting: Freeze (safe; 1% risk of failure)
Confirm with . or Enter, or press ? or * to list all spells.
A film of ice covers your body!
Casting: Ozocubu's Armour (dangerous; 3% risk of failure)
Confirm with . or Enter, or press ? or * to list all spells.
Casting: Frozen Ramparts (dangerous; 3% risk of failure)
Press: ? - help, Dir - look around, f - activate This square is lit by a halo.
The walls around you are covered in ice.
Reach: a) +0 trident
Press: ? - help, Dir - move target, f - large abomination
Aim: a large abomination (about 28% to evade your +0 trident)
Okay, then.
Unknown command.
Reach: a) +0 trident
Press: ? - help, Dir - move target, f - large abomination
Aim: a large abomination (about 28% to evade your +0 trident)
You reach to attack!
You hit the large abomination.
The large abomination is lightly damaged.
The wall freezes the large abomination.
You hit the large abomination but do no damage.
The large abomination is lightly damaged.
You completely miss the large abomination.
The large abomination is lightly damaged.
The wall freezes the large abomination but does no damage.
The large abomination closely misses you.
You hit the large abomination.
The large abomination is lightly damaged.
The wall freezes the large abomination but does no damage.
The large abomination hits you!!
* * * LOW HITPOINT WARNING * * *
You hit the large abomination but do no damage.
The large abomination is lightly damaged.
The wall freezes the large abomination.
The large abomination hits you!!
Ouch! That really hurt!
You die...

#. . .# ..#
.####. # .# #
#..... . #...
#.#. .... #.#.##
#. . .
#...#.#.## #.#
...#...#.#.#.. .
#@>...#. .#
......X#........
##..#.#..#..#..
# #..#.....# #.
#.. #..ยง.##
..#. #..#.. #..#
.#..... .#
..#.###.


You could see a large abomination.

Vanquished Creatures
  A hellion (Abyss:2)
  Sigmund (D:2)
  A steam dragon (D:8)
  3 orc warriors
  A black bear (D:7)
  4 ice beasts
  4 ogres
  3 centaurs (D:6)
  A nameless horror (D:4)
  2 phantoms
  A small abomination (Abyss:2)
  3 bullfrogs
  3 scorpions
  7 wights
  A howler monkey (D:5)
  A quasit (D:5)
  A jelly (D:7)
  Crazy Yiuf (D:4)
  6 hounds
  9 orc priests
  An iguana (D:5)
  2 sleepcaps
  Natasha (thrice) (D:3)
  3 orc wizards
  8 gnolls
  3 adders
  4 shadow imps
  6 white imps
  2 worms (D:2)
  2 dart slugs
  24 orcs
  5 bats
  14 endoplasms
  5 giant cockroaches
  8 goblins
  9 hobgoblins
  6 jackals (D:4)
  5 quokkas
  10 ball pythons
  8 frilled lizards
  2 kobolds (D:1)
  3 rats
187 creatures vanquished.

Vanquished Creatures (collateral kills)
  A wight (D:7)
1 creature vanquished.

Vanquished Creatures (others)
  A shadow imp (D:8)
1 creature vanquished.

Grand Total: 189 creatures vanquished

Notes
Turn   | Place    | Note
-------+----------+-------------------------------------------
     0 | D:1      | Cheops the Merfolk Ice Elementalist began the quest for the
                  | Orb.
     0 | D:1      | Reached XP level 1. HP: 13/13 MP: 3/3
   194 | D:1      | Reached XP level 2. HP: 16/19 MP: 1/5
   681 | D:1      | Reached XP level 3. HP: 24/24 MP: 5/7
  1275 | D:1      | Learned a level 3 spell: Frozen Ramparts
  1279 | D:1      | Learned a level 3 spell: Ozocubu's Armour
  1402 | D:2      | Reached skill level 1 in Shields
  1402 | D:2      | Reached skill level 5 in Ice Magic
  1627 | D:2      | Reached XP level 4. HP: 12/30 MP: 1/8
  1777 | D:2      | Noticed Sigmund
  1795 | D:2      | Killed Sigmund
  1796 | D:2      | Reached XP level 5. HP: 35/35 MP: 0/9
  1796 | D:2      | Reached XP level 6. HP: 41/41 MP: 0/10
  2116 | D:2      | Found a hide-covered altar of Uskayaw.
  2520 | D:3      | Found a faded altar of an unknown god.
  2532 | D:3      | Found a white marble altar of Elyvilon.
  2786 | D:3      | Noticed Natasha
  2796 | D:3      | Killed Natasha
  2905 | D:3      | Noticed Natasha
  2912 | D:3      | Killed Natasha
  3154 | D:3      | Reached skill level 5 in Shields
  3154 | D:3      | Reached skill level 1 in Armour
  3154 | D:3      | Reached XP level 7. HP: 46/46 MP: 2/13
  3495 | D:3      | Noticed Natasha
  3501 | D:3      | Killed Natasha
  3812 | D:4      | Reached skill level 2 in Polearms
  3894 | D:4      | Found a stormy altar of Qazlal.
  3895 | D:4      | Found a burning altar of Makhleb.
  4572 | D:4      | Found a runed translucent door.
  4573 | D:4      | Noticed Crazy Yiuf
  4698 | D:4      | Reached skill level 3 in Polearms
  5026 | D:4      | Killed Crazy Yiuf
  5126 | D:5      | Entered Level 5 of the Dungeon
  5368 | D:5      | Reached XP level 8. HP: 39/52 MP: 10/14
  6042 | D:5      | Reached skill level 5 in Spellcasting
  6042 | D:5      | Reached skill level 1 in Fighting
  6272 | D:5      | Identified the +4 helmet of Impermeability {Harm rF-
                  | Stlth+}
  6994 | D:6      | Reached skill level 4 in Polearms
  7316 | D:6      | Reached skill level 5 in Polearms
  7316 | D:6      | Reached XP level 9. HP: 63/63 MP: 14/16
  7380 | D:6      | Reached skill level 6 in Polearms
  7392 | D:6      | Learned a level 4 spell: Summon Ice Beast
  7714 | D:6      | Reached skill level 1 in Summonings
  8201 | D:7      | Reached skill level 7 in Polearms
  8741 | D:7      | Found a shimmering blue altar of Sif Muna.
  9007 | D:7      | Found a staircase to the Ecumenical Temple.
  9028 | Temple   | Entered the Ecumenical Temple
  9284 | D:7      | Reached skill level 8 in Polearms
  9404 | D:7      | Reached skill level 5 in Summonings
  9621 | Temple   | Became a worshipper of the Shining One
  9758 | D:8      | Reached skill level 1 in Evocations
  9957 | D:8      | Reached XP level 10. HP: 61/70 MP: 8/17
 10072 | D:8      | Reached * piety under the Shining One
 10188 | D:8      | Found a hazy altar of Hepliaklqana.
 10265 | D:8      | Reached skill level 9 in Polearms
 10407 | D:8      | Found a blossoming altar of Fedhas.
 11432 | D:2      | Found a hide-covered altar of Uskayaw.
 12145 | D:3      | Found a faded altar of an unknown god.
 12241 | D:3      | Found a white marble altar of Elyvilon.
 12297 | D:4      | Found a stormy altar of Qazlal.
 12299 | D:4      | Found a burning altar of Makhleb.
 14487 | D:7      | Found a shimmering blue altar of Sif Muna.
 14544 | D:7      | Found a staircase to the Ecumenical Temple.
 14788 | D:8      | Found a hazy altar of Hepliaklqana.
 15004 | D:8      | Found a blossoming altar of Fedhas.
 15134 | D:9      | Noticed Erolcha
 15138 | Abyss:2  | Cast into level 2 of the Abyss (Erolcha)
 15180 | Abyss:2  | Noticed a hellion
 15202 | Abyss:2  | Killed a hellion
 15283 | Abyss:2  | Mangled by a large abomination

Illustrated notes

Levels and vault maps discovered:
D:1:      lightli_arrival_boilingwater, layout_loops_ring
D:2:      layout_rooms, basic_altar, uniq_sigmund
D:3:      minmay_recursive_quarters, layout_loops_ring,
          nicolae_overflow_ecumenical_swirl, uniq_natasha
D:4:      layout_loops_ring, jmf_multi_god_temple, uniq_crazy_yiuf_cottage
D:5:      layout_loops_ring, serial_demonic, serial_demonic_b, serial_demonic_e,
          serial_demonic_d, serial_demonic_a
D:6:      layout_cave_pools, grunt_decor_mini_mirrors
D:7:      layout_loops_cross, old_standard_altar, minmay_temple_entry_hall
D:8:      layout_rooms, kennysheep_little_box, mainiacjoe_overflow_catwalk
D:9:      layout_basic, mainiacjoe_overflow_24_doors, blue_anna_alchemist,
          uniq_erolcha
Temple:   eino_narrow_crystal_temple
Abyss:2:  base: D:7, hangedman_abyss_theft

Skill      XL: |  1  2  3  4  5  6  7  8  9 10 |
---------------+-------------------------------+-----
Spellcasting   | 3 4 5 |  5.1
Shields        | 1 4 5 |  5.0
Ice Magic      | 5 6 8 |  8.0
Armour         | 1 2 |  2.0
Polearms       | 3 5 8 9 |  9.4
Fighting       | 3 |  3.0
Summonings     | 5 6 |  6.0
Evocations     | 2 |  2.0
Invocations    | 2 |  2.1
Dodging        | |  2.6
Stealth        | |  2.1

Action                     |  1- 3 |  4- 6 |  7- 9 | 10-12 || total
---------------------------+-------+-------+-------+-------++-------
  Melee: Unarmed           |     4 |     2 |       |       ||     6
         Spear             |       |    21 |     5 |       ||    26
         Trident           |       |       |   224 |    33 ||   257
   Cast: Freeze            |    61 |    45 |   136 |    25 ||   267
         Frozen Ramparts   |     2 |     7 |    36 |     3 ||    48
         Ozocubu's Armour  |       |     2 |    17 |     3 ||    22
         Summon Ice Beast  |       |       |     5 |       ||     5
 Invoke: Divine Shield     |       |       |       |     1 ||     1
    Use: Scroll            |       |       |     9 |     2 ||    11
         Potion            |       |       |     2 |     4 ||     6
   Stab: Distracted        |       |       |     2 |       ||     2
 Armour: Robe              |     8 |     5 |       |       ||    13
         Leather armour    |       |       |   121 |    18 ||   139
  Dodge: Dodged            |    29 |    31 |   165 |    16 ||   241
  Block: Buckler           |     5 |     8 |    87 |    13 ||   113
